 Dungeon Crawl Stone Soup version 0.30.1-3-gfc49f6343a (webtiles) character file.

Game seed: 9269652338832207025

119 spardeous the Conjurer (level 4, -2/33 HPs)
             Began as a Demigod Conjurer on Aug 5, 2023.
             Slain by a sleepcap (5 damage)
             ... on level 4 of the Dungeon.
             The game lasted 00:02:58 (3646 turns).

spardeous the Conjurer (Demigod Conjurer)           Turns: 3646, Time: 00:02:58

Health: -2/33      AC:  4    Str:  8    XL:     4   Next: 46%
Magic:  0/11       EV: 11    Int: 24    God:
Gold:   169        SH:  0    Dex: 12    Spells: 6/9 levels left

rFire   . . .        e - +2 dagger (drain)
rCold   . . .        (no shield)
rNeg    . . .        o - +0 leather armour
rPois   .            q - +0 helmet
rElec   .            (no cloak)
rCorr   .            (no gloves)
SInv    .            (no boots)
Will    .....        (no amulet)
Stlth   ++           (no ring)
HPRegen 0.25/turn    (no ring)
MPRegen 0.12/turn

%: no passive effects
@: no status effects
A: high MP 1, forlorn, divine attributes
a: no special abilities


You were on level 4 of the Dungeon.
You visited 1 branch of the dungeon, and saw 4 of its levels.

You collected 169 gold pieces.

Inventory:

Hand Weapons
 c - a +0 great mace
 e - a +2 dagger of draining (weapon)
Armour
 a - a +0 robe
 o - a +0 leather armour (worn)
 q - a +0 helmet (worn)
Wands
 r - a wand of acid (7)
 t - a wand of flame (26)
Scrolls
 d - a scroll of fog {unknown}
 f - 3 scrolls of amnesia {unknown}
 h - 2 scrolls of identify {unknown}
 i - a scroll of blinking {unknown}
 j - a scroll of teleportation {unknown}
 m - a scroll of fear {unknown}
 s - a scroll of enchant weapon {unknown}
Potions
 b - 2 potions of magic
 g - 2 potions of might {unknown}
 k - a potion of cancellation {unknown}
 l - 2 potions of degeneration {unknown}
 n - a potion of mutation {unknown}
 p - a potion of attraction {unknown}
 u - 2 potions of flight {unknown}


   Skills:
 - Level 1.7 Dodging
 - Level 1.7 Stealth
 + Level 3.2 Spellcasting
 + Level 4.7 Conjurations


You had 6 spell levels left.
You knew the following spells:

 Your Spells              Type           Power      Damage    Failure   Level
a - Magic Dart            Conj           100%       1d8       2%          1
b - Searing Ray           Conj           52%        2d6       3%          2

Your spell library contained the following spells:

 Spells                   Type           Power      Damage    Failure   Level
 Kiss of Death            Conj/Necr      60%        2d10      6%          1
 Dazzling Flash           Conj/Hex       30%        N/A       17%         3
 Confusing Touch          Hex            3%         N/A       43%         3
 Ozocubu's Armour         Ice            3%         N/A       43%         3
 Fulminant Prism          Conj/Hex       7%         3d7       50%         4
 Iskenderun's Mystic Bla  Conj/Tloc      15%        2d5       50%         4
 Dispel Undead            Necr           3%         3d7       83%         4
 Ozocubu's Refrigeration  Ice            1%         4d7       100%        7


Dungeon Overview and Level Annotations

Branches:
Dungeon (4/15)
 Temple: D:4-7

Shops:
D:3 *

Annotations:
D:3 1 runed translucent door, Taurus's ghost, amateur MiFi
D:4 Eustachio


Innate Abilities, Weirdness & Mutations

You have an increased reservoir of magic. (+10% MP)
You shall have no god before yourself.
Your divine heritage dramatically boosts your attributes as you level up.


Message History

Unknown command.
Casting: Magic Dart (safe; 2% risk of failure)
Confirm with . or Enter, or press ? or * to list all spells.
Aiming: Searing Ray (safe; 3% risk of failure)
Press: ? - help, Shift-Dir - straight line, f/p - sleepcap
Aim: a sleepcap (lightly damaged, 100% to hit)
The searing ray hits the sleepcap.
The sleepcap is moderately damaged. (Press . to maintain the ray.)
The sleepcap releases spores at you but does no damage.
You now have 3/11 mp.
The searing ray hits the sleepcap.
The sleepcap is moderately damaged.
The sleepcap releases spores at you but does no damage.
The searing ray hits the sleepcap.
The sleepcap is heavily damaged.
The sleepcap releases spores at you.
You are engulfed in a cloud of soporific spores!
You fall asleep.
The sleepcap releases spores at you!!
You wake up.
Ouch! That really hurt!
* * * LOW HITPOINT WARNING * * *
You take 21 damage, and have 12/33 hp.
MASSIVE DAMAGE!!
You now have 2/11 mp.
The sleepcap attacks as you move away! The sleepcap releases spores at you.
* * * LOW HITPOINT WARNING * * *
You take 5 damage, and have 7/33 hp.
Casting: Searing Ray (safe; 3% risk of failure)
Confirm with . or Enter, or press ? or * to list all spells.
Aiming: Searing Ray (safe; 3% risk of failure)
Press: ? - help, Shift-Dir - straight line, f/p - sleepcap
Aim: a sleepcap (heavily damaged, 100% to hit)
The searing ray hits the sleepcap!
The sleepcap is severely damaged. (Press . to maintain the ray.)
The sleepcap releases spores at you.
* * * LOW HITPOINT WARNING * * *
You take 5 damage, and have 3/33 hp.
You now have 0/11 mp.
Without enough magic to sustain it, your searing ray dissipates.
The sleepcap releases spores at you.
You die...

#.#.#
#.#.#
#.#.#
#.#.#
#.#.#
#.#.# #.#
#.# #@#
#f# #.#
#.......#
#)###...#
#.....
#...#.#
....#..#
..... ..#


You could see a sleepcap.

Vanquished Creatures
  Ijyb (D:3)
  2 adders
  A dart slug (D:1)
  3 orcs (D:3)
  8 ball pythons
  4 bats
  4 endoplasms
  A giant cockroach (D:1)
  7 goblins
  10 hobgoblins
  8 jackals
  3 quokkas
  A frilled lizard (D:1)
  5 kobolds
  6 rats
64 creatures vanquished.

Notes
Turn   | Place    | Note
-------+----------+-------------------------------------------
     0 | D:1      | spardeous the Demigod Conjurer began the quest for the Orb.
     0 | D:1      | Reached XP level 1. HP: 14/14 MP: 5/5
   238 | D:2      | Reached XP level 2. HP: 18/20 MP: 2/7
   305 | D:2      | Reached skill level 4 in Conjurations
   811 | D:1      | Reached XP level 3. HP: 26/26 MP: 2/9
  2161 | D:3      | Learned a level 2 spell: Searing Ray
  2241 | D:3      | Found a runed translucent door.
  2243 | D:3      | Noticed Taurus's ghost (amateur MiFi)
  2533 | D:3      | Noticed Ijyb
  2542 | D:3      | Killed Ijyb
  2543 | D:3      | Reached XP level 4. HP: 33/33 MP: 3/11
  2617 | D:3      | Found Gozag's Platinum Reserve.
  3426 | D:4      | Noticed Eustachio
  3646 | D:4      | Slain by a sleepcap

Illustrated notes

Levels and vault maps discovered:
D:1:      saegor_arrival_simple_d, layout_basic
D:2:      layout_basic, basic_altar
D:3:      layout_basic, nicolae_gozag_zags_fifth_avenue,
          ebering_ghost_reflecting_pool, chequers_ecumenical_altar_grove,
          kennysheep_generic_room_16, uniq_ijyb
D:4:      layout_loops_ring, cheibriados_altar_1, old_standard_altar,
          minmay_temple_entry_junction, guppyfry_shop_venom, uniq_natasha,
          uniq_duvessa, uniq_eustachio

Skill      XL: |  1  2  3 |
---------------+----------+-----
Spellcasting   | 2 3 |  3.2
Conjurations   | 4 |  4.7
Dodging        | |  1.7
Stealth        | |  1.7

Action                     |  1- 3 |  4- 6 || total
---------------------------+-------+-------++-------
  Melee: Unarmed           |    12 |       ||    12
         Great mace        |    11 |       ||    11
         Punch             |     1 |       ||     1
   Cast: Magic Dart        |    81 |    45 ||   126
         Searing Ray       |     1 |     2 ||     3
 Armour: Robe              |    15 |       ||    15
         Leather armour    |     1 |     6 ||     7
  Dodge: Dodged            |    38 |     5 ||    43
